 Dungeon Crawl Stone Soup version 0.30.1-3-gfc49f6343a (webtiles) character file.

Game seed: 1768330264802133047

112 spardeous the Digger (level 4, 0/33 HPs)
             Began as a Demigod Earth Elementalist on July 20, 2023.
             Slain by a goblin
             ... wielding a +1 long sword of protection
             ... led by Robin
              (6 damage)
             ... on level 3 of the Dungeon.
             The game lasted 00:02:50 (2253 turns).

spardeous the Digger (Demigod Earth Elementalist)   Turns: 2253, Time: 00:02:51

Health: 0/33       AC:  5    Str: 15    XL:     4   Next: 38%
Magic:  1/9        EV: 11    Int: 21    God:
Gold:   113        SH:  0    Dex: 14    Spells: 5/6 levels left

rFire   . . .        (no weapon)
rCold   . . .        (no shield)
rNeg    . . .        q - +0 leather armour
rPois   .            s - +0 helmet
rElec   .            (no cloak)
rCorr   .            g - +0 pair of gloves
SInv    .            (no boots)
Will    .....        (no amulet)
Stlth   ++           i - ring of flight
HPRegen 0.25/turn    n - +6 ring of strength
MPRegen 0.11/turn

%: no passive effects
@: flying
A: high MP 1, forlorn, divine attributes
a: no special abilities


You were on level 3 of the Dungeon.
You visited 1 branch of the dungeon, and saw 3 of its levels.

You collected 113 gold pieces.

Inventory:

Armour
 g - a +0 pair of gloves (worn)
 q - a +0 leather armour (worn)
 s - a +0 helmet (worn)
Jewellery
 i - a ring of flight (left hand)
 n - a +6 ring of strength (right hand)
Scrolls
 c - a scroll of summoning {unknown}
 d - 2 scrolls of noise {unknown}
 e - 5 scrolls of identify {unknown}
 f - 2 scrolls of immolation {unknown}
 h - a scroll of fog {unknown}
 p - a scroll of torment {unknown}
 r - a scroll of brand weapon {unknown}
Potions
 a - a potion of haste {unknown}
 b - 2 potions of magic
 j - a potion of attraction {unknown}
 k - a potion of mutation {unknown}
 l - 3 potions of heal wounds {unknown}
 m - 3 potions of curing
 o - a potion of ambrosia {unknown}


   Skills:
 - Level 1.7 Dodging
 - Level 1.7 Stealth
 - Level 1.7 Spellcasting
 - Level 0.8 Transmutations
 + Level 5.0 Earth Magic


You had 5 spell levels left.
You knew the following spells:

 Your Spells              Type           Power      Damage    Failure   Level
a - Sandblast             Erth           44%        2d11      2%          1

Your spell library contained the following spells:

 Spells                   Type           Power      Damage    Failure   Level
 Passwall                 Tmut/Erth      11%        N/A       9%          2
 Stone Arrow              Conj/Erth      24%        3d8       21%         3
 Petrify                  Tmut/Erth      14%        N/A       50%         4
 Manifold Assault         Tloc           1%         N/A       88%         4
 Dispersal                Tloc           0%         N/A       100%        6
 Disjunction              Tloc           0%         N/A       100%        8


Dungeon Overview and Level Annotations

Branches:
Dungeon (3/15)

Shops:
D:3 ([=


Innate Abilities, Weirdness & Mutations

You have an increased reservoir of magic. (+10% MP)
You shall have no god before yourself.
Your divine heritage dramatically boosts your attributes as you level up.


Message History

The orc hits you from afar with a +0 trident.
The orc closely misses you.
Your Earth Magic skill increases to level 5!
Unknown command.
You see here a +0 club.
The goblin shouts!
The goblin hits you with a +1 long sword of protection.
Casting: Sandblast (safe; 2% risk of failure)
Confirm with . or Enter, or press ? or * to list all spells.
Aiming: Sandblast (safe; 2% risk of failure)
Press: ? - help, Shift-Dir - straight line, f - goblin
Aim: a goblin, wielding a +1 long sword of protection and wearing a +6 ring of strength (79% to hit)
The blast of sand misses the goblin.
The goblin hits you with a +1 long sword of protection.
* * * LOW HITPOINT WARNING * * *
You completely miss the goblin. The orc hits you but does no damage.
The goblin completely misses you.
You hit the goblin but do no damage.
The orc hits you from afar with a +0 trident.
* * * LOW HITPOINT WARNING * * *
The goblin hits you but does no damage.
Unknown command.
It was a potion of curing.
You feel better. The orc closely misses you. The goblin barely misses you.
Casting: Sandblast (safe; 2% risk of failure)
Confirm with . or Enter, or press ? or * to list all spells.
Aiming: Sandblast (safe; 2% risk of failure)
Press: ? - help, Shift-Dir - straight line, f/p - goblin
Aim: a goblin, wielding a +1 long sword of protection and wearing a +6 ring of strength (79% to hit)
The blast of sand misses the goblin.
The goblin hits you but does no damage. The orc completely misses you.
The orc closely misses you.
The goblin hits you with a +1 long sword of protection.
The goblin attacks as you move away!
The goblin hits you with a +1 long sword of protection!
* * * LOW HITPOINT WARNING * * *
The orc misses you. The orc attacks as you move away!
The orc barely misses you. x2
The goblin attacks as you move away!
The goblin hits you with a +1 long sword of protection.
You die...

####### #.@...#
#g###.####### #.# #.......#
###########o###.####..#
####..>.).).)......# #..#
##......)########.### #).#
...#...........##.######..#
##....†..#####.#.......#.)#
###.#....# #..####.#).#


You could see an orc and a goblin.

Vanquished Creatures
  An orc priest (D:3)
  Robin (D:3)
  2 adders
  A worm (D:2)
  2 dart slugs
  An orc (D:3)
  6 bats
  2 endoplasms
  A giant cockroach (D:2)
  5 hobgoblins
  2 quokkas (D:2)
  7 ball pythons
  3 frilled lizards
  5 goblins (D:3)
  7 kobolds
  2 rats
48 creatures vanquished.

Notes
Turn   | Place    | Note
-------+----------+-------------------------------------------
     0 | D:1      | spardeous the Demigod Earth Elementalist began the quest
                  | for the Orb.
     0 | D:1      | Reached XP level 1. HP: 14/14 MP: 5/5
   199 | D:1      | Reached skill level 3 in Earth Magic
   453 | D:1      | Reached XP level 2. HP: 20/20 MP: 2/7
  1223 | D:2      | Reached XP level 3. HP: 21/26 MP: 4/8
  1277 | D:2      | Reached skill level 4 in Earth Magic
  1793 | D:3      | Found Vuar's Jewellery Shoppe.
  1860 | D:3      | Found Alophih's Antique Armour Boutique.
  1978 | D:3      | Found Cackog's Weapon Shoppe.
  2103 | D:3      | Noticed Robin
  2129 | D:3      | Killed Robin
  2225 | D:3      | Reached XP level 4. HP: 29/33 MP: 4/9
  2230 | D:3      | Reached skill level 5 in Earth Magic
  2253 | D:3      | Slain by a goblin

Illustrated notes

Levels and vault maps discovered:
D:1:      erik_arrival_triangle_large, layout_basic
D:2:      layout_basic, basic_altar, serial_aquarium, aquarium_bridge_straight
          [aquarium_subvault_bridge, aquarium_subvault_wall,
          aquarium_subvault_bridge, aquarium_subvault_window],
          aquarium_bridge_long_separate [aquarium_subvault_bridge,
          aquarium_subvault_balcony, aquarium_subvault_wall,
          aquarium_subvault_window, aquarium_subvault_bridge,
          aquarium_subvault_bridge], aquarium_window_fake, aquarium_window_1,
          aquarium_window_2, aquarium_view_2b, aquarium_view_2d,
          aquarium_balcony_1b, kennysheep_generic_room_13
D:3:      layout_loops_ring, serial_shops, nicolae_shop_bloodbath_and_beyond,
          shop, nicolae_shop_just_a_little_nook, nicolae_shop_trees,
          uniq_crazy_yiuf_cottage, uniq_robin

Skill      XL: |  1  2  3  4 |
---------------+-------------+-----
Earth Magic    | 3 4 5 |  5.0
Dodging        | |  1.7
Stealth        | |  1.7
Spellcasting   | |  1.7
Transmutations | |  0.8

Action                     |  1- 3 |  4- 6 || total
---------------------------+-------+-------++-------
  Melee: Unarmed           |       |     2 ||     2
   Cast: Sandblast         |    65 |     7 ||    72
    Use: Potion            |       |     1 ||     1
 Armour: Robe              |     3 |       ||     3
         Leather armour    |     1 |     4 ||     5
  Dodge: Dodged            |     8 |    13 ||    21
